 Dungeon Crawl Stone Soup version 0.31-a0-702-gf82c85558f (webtiles) character file.

Game seed: 8385024613819932977

33446 demibob the Severer (level 13, -6/139 (148) HPs)
             Began as a Hill Orc Chaos Knight on Sept 8, 2023.
             Was a Plaything of Xom.
             Killed from afar by a tengu reaver (9 damage)
             ... with a bolt of fire
             ... on level 13 of the Dungeon.
             The game lasted 00:26:54 (15236 turns).

demibob the Severer (Hill Orc Chaos Knight)        Turns: 15236, Time: 00:26:55

HP:   -6/139 (148)  AC: 35    Str: 19    XL:     13   Next: 71%
MP:   13/13         EV:  7    Int: 19    God:    Xom [....*.]
Gold: 854           SH:  0    Dex:  9    Spells: 12/12 levels left

rFire   + . .        a - +8 battleaxe (venom)
rCold   . . .        (shield currently unavailable)
rNeg    . . .        D - +15 Maxwell's patent armour {-Cast -Tele rElec Will+ rCorr}
rPois   +            (no helmet)
rElec   +            b - +0 cloak
rCorr   +            (no gloves)
SInv    .            (no boots)
Will    +++..        g - amulet of faith {!P} Stlth
                     W - ring of willpower
HPRegen 0.43/turn    u - ring of a Thousand Friars {rPois Int+3}
MPRegen 0.13/turn

%: no teleportation, no spellcasting, faith
@: berserking, drained, very quick
A: clever 1, fire resistance 1, frail 1, strong-willed 1, screaming 1, shaggy
fur 1, wild magic 1, MP-powered wands
a: Renounce Religion


You were on level 13 of the Dungeon.
You worshipped Xom.
You were a beloved toy of Xom.
You visited 2 branches of the dungeon, and saw 15 of its levels.

You collected 854 gold pieces.


Innate Abilities, Weirdness & Mutations

Your mind is acute. (Int +4, Str/Dex -1)
Your flesh is heat resistant. (rF+)
You are frail. (-10% HP)
You are strong-willed. (Will+)
You occasionally shout uncontrollably at your foes.
You are covered in fur. (AC +1)
Your spells are a little harder to cast, but a little more powerful.
You expend magic power (3 MP) to strengthen your wands.


   Skills:
 + Level 9.5 Fighting
 - Level 20.0 Axes
 + Level 17.5 Armour
 - Level 0.7 Dodging


You had 12 spell levels left.
You didn't know any spells.
Your spell library contained the following spells:

 Spells                   Type           Power      Damage    Failure   Level
 Freeze                   Ice            0%         1d3       95%         1
 Ensorcelled Hibernation  Hex/Ice        0%         N/A       98%         2
 Lesser Beckoning         Tloc           0%         N/A       98%         2
 Passwall                 Tmut/Erth      0%         N/A       98%         2
 Frozen Ramparts          Ice            0%         1d1       100%        3
 Gell's Gravitas          Tloc           0%         N/A       100%        3
 Hailstorm                Conj/Ice       0%         3d3       100%        3
 Swiftness                Air            0%         N/A       100%        3
 Teleport Other           Tloc           0%         N/A       100%        3
 Dispersal                Tloc           0%         N/A       100%        6

Inventory:

Hand Weapons
 a - a +8 battleaxe of venom (weapon)
 v - the +1 battleaxe of Lust {chaos, Drain rElec rPois Dex-4}
   (Xom gifted it to you on level 3 of the Dungeon)

   Dex-4:     It affects your dexterity (-4).
   rElec:     It insulates you from electricity.
   rPois:     It protects you from poison Drain: It drains your maximum health
   when unequipped.
Missiles
 i - 2 throwing nets (quivered) {=f}
 y - 5 curare-tipped darts {=f}
Armour
 b - a +0 cloak (worn)
 h - a +2 helmet
 D - the +15 Maxwell's patent armour (worn) {-Cast -Tele rElec Will+ rCorr}
   (You found it on level 9 of the Dungeon)

   rElec:     It insulates you from electricity.
   Will+:     It increases your willpower.
   -Cast:     It prevents spellcasting.
   -Tele:     It prevents most forms of teleportation.
   rCorr:     It protects you from acid and corrosion.
Jewellery
 c - a ring of ice
 g - an amulet of faith (around neck) {!P}
 u - the ring of a Thousand Friars (right hand) {rPois Int+3}
   (You found it on level 7 of the Dungeon)

   [ring of poison resistance]

   Int+3:     It affects your intelligence (+3).
   rPois:     It protects you from poison
 C - a ring of protection from cold
 F - a ring of fire
 G - an amulet of the acrobat
 W - a ring of willpower (left hand)
Wands
 d - a wand of light (17)
 k - a wand of charming (19)
 p - a wand of flame (17)
 s - a wand of mindburst (23)
 B - a wand of digging (6)
Scrolls
 e - 2 scrolls of vulnerability
 f - 8 scrolls of identify {@r1}
 n - a scroll of amnesia
 x - a scroll of poison
 z - 2 scrolls of revelation
 E - a scroll of immolation
Potions
 j - 5 potions of enlightenment
 m - 3 potions of invisibility
 o - 2 potions of haste {@q3}
 q - 2 potions of might
 w - a potion of magic

Dungeon Overview and Level Annotations

Branches:
Dungeon (13/15)            Temple (0/1) D:6            Lair (2/5) D:11
 Shoals (0/4) Lair:2          Orc (0/2) D:9
  Snake: Lair:2-3    Spider: Lair:2-3    Vaults: D:13-14

Altars:
Ashenzari
Cheibriados
Dithmenos
Hepliaklqana
Okawaru
Qazlal
Trog
Wu Jian
Xom
Zin
The Shining One

Shops:
D:4 :   D:8 *[   D:12 :

Portals:
Trove: D:12 (give +2 storm dragon scales)

Annotations:
D:8 1 transporter
D:9 2 transporters, exclusion: ice statue, Brisketman's ghost, novice HONe

#..........###.........##....##..
#...........#...........#........
#..#..................####.......
##.#..#......⚑...##..P....)......
#..##.#...........P.§)).......
#.. #.........⚑..§.§.§##...... #.
..#.......###§§§..##......
.###.......§.§#..######..##
#.....Q@.§§#.## #....#
).......##...# ##..##
..⚑.########## ##.# ... ### . ∆


You could see a tengu reaver.


Message History

You hit the tengu reaver.
The tengu reaver is lightly wounded.
The tengu reaver blocks your attack.
The tengu reaver is lightly wounded.
The tengu reaver hits you but does no damage.
The tengu reaver pecks you.
The tengu reaver claws you but does no damage.
The tengu reaver blocks your attack.
The tengu reaver is lightly wounded.
The tengu reaver gestures at you while chanting.
The bolt of negative energy hits you!!
You feel drained.
* * * LOW HITPOINT WARNING * * *
You are too injured to fight recklessly!
You are too injured to fight recklessly!
The tengu reaver blocks your attack.
The tengu reaver is lightly wounded.
You hit the tengu reaver.
The tengu reaver is lightly wounded.
The tengu reaver casts a spell at you. The bolt of cold hits you!!
* * * LOW HITPOINT WARNING * * *
Xom roars with laughter!
A red film seems to cover your vision as you go berserk!
You feel yourself moving faster!
You feel mighty! Xom briefly touches your surroundings.
You are now a beloved toy of Xom.
The tengu reaver points at you and mumbles some strange words.
The bolt of fire hits you! You resist.
You die...
Xom roars with laughter!

Skill      XL: |  1  2  3  4  5  6  7  8  9 10 11 12 13 |
---------------+----------------------------------------+-----
Axes           | 5 7 8 9 13 14 15 17 19 20 | 20.0
Armour         | 3 4 5 7 10 11 12 14 16 17 | 17.5
Fighting       | 9 |  9.5
Dodging        | |  0.7

Action                     |  1- 3 |  4- 6 |  7- 9 | 10-12 | 13-15 || total
---------------------------+-------+-------+-------+-------+-------++-------
  Melee: Hand axe          |    56 |    73 |       |       |       ||   129
         Battleaxe         |       |    69 |   166 |   617 |   136 ||   988
         Punch             |       |     1 |       |       |       ||     1
  Throw: Throwing net      |       |       |       |     1 |       ||     1
  Evoke: Wand              |       |       |       |    16 |     1 ||    17
    Use: Scroll            |     3 |     3 |     7 |    11 |     2 ||    26
         Potion            |       |     2 |     1 |     4 |     6 ||    13
   Stab: Paralysed         |       |       |     1 |     2 |       ||     3
         Invisible         |       |       |       |     1 |       ||     1
         Confused          |       |       |       |     1 |       ||     1
         Petrified         |       |       |       |       |    15 ||    15
         Petrifying        |       |       |       |       |     1 ||     1
 Armour: Leather armour    |    18 |       |       |       |       ||    18
         Plate armour      |    21 |   131 |   149 |   763 |   293 ||  1357
         Skin              |       |     7 |       |       |       ||     7
  Dodge: Dodged            |    14 |    30 |    36 |   230 |    60 ||   370

Levels and vault maps discovered:
D:1:      minmay_arrival_solitary_statue, layout_basic,
          shapermc_ecumenical_altar_mp_ritualfount, minmay_gold_behind_fungi,
          chequers_serial_rivers_room_a, minmay_tetromino_l2
D:2:      layout_loops_ring, dreamdust_wishing_well, minmay_misc_feat_rugged,
          uniq_crazy_yiuf_cottage, uniq_sigmund
D:3:      kennysheep_big_flooded_room, layout_loops_ring,
          nicolae_qazlal_scattered_showers, uniq_ijyb
D:4:      layout_basic, jmf_multi_god_temple, serial_shops,
          nicolae_shop_gibbet_a_chance
D:5:      layout_cave_pods, okawaru_trees_1, uniq_blork_the_orc, uniq_grinder
D:6:      layout_loops_ring, lemuel_round_altar, marbit_many_paths,
          minmay_temple_entry_mist, serial_bayou_pond_e,
          chequers_serial_rivers_room_b, minmay_misc_feat_cross
D:7:      layout_basic, grunt_dithmenos_smoke, kennysheep_mini_moat,
          general_overflow_altar, eino_jars, uniq_duvessa, uniq_joseph,
          uniq_menkaure, uniq_prince_ribbit1
D:8:      layout_loops_ring, trog_three_pillars_becter, serial_shops, shop,
          minmay_shop_mass, nicolae_diode_stairs, uniq_pikel
D:9:      layout_stronghold, mainiacjoe_overflow_brackets,
          kennysheep_orc_monster_closet_entryway,
          gammafunk_ghost_berserking_beasts, minivault_16,
          dreamdust_deal_with_the_devil
D:10:     layout_rooms
D:11:     layout_long_grid, lair_entry_dummy, small_statue_intersection,
          kennysheep_generic_room_6
D:12:     layout_basic, serial_shops, nicolae_shop_statue_plus,
          nicolae_trove_entry_columns, minmay_misc_feat_more_columns
D:13:     layout_cave_pools, serial_undead, serial_undead_e, serial_undead_e,
          serial_undead_e, serial_undead_b, minmay_evil_grid
Lair:1:   layout_gridlike
Lair:2:   gammafunk_lair_enchanted_lake, layout_loops_ring,
          minmay_shoals_entry_hut

Notes
Turn   | Place    | Note
-------+----------+-------------------------------------------
     0 | D:1      | demibob the Hill Orc Chaos Knight began the quest for the
                  | Orb.
     0 | D:1      | Reached XP level 1. HP: 19/19 MP: 1/1
    49 | D:1      | XOM: butterfly on damage
   133 | D:1      | XOM: noise
   168 | D:1      | Reached XP level 2. HP: 26/26 MP: 2/2
   207 | D:1      | Found a faded altar of an unknown god.
   411 | D:1      | Reached skill level 5 in Axes
   615 | D:1      | XOM: silly message
   654 | D:1      | XOM: give mutations
   654 | D:1      | Gained mutation: Your mind is acute. (Int +4, Str/Dex -1)
                  | [Xom's mischief]
   654 | D:1      | Gained mutation: You occasionally shout uncontrollably at
                  | your foes. [Xom's mischief]
   654 | D:1      | Gained mutation: You are weak. (Str -2) [Xom's mischief]
   654 | D:1      | Gained mutation: You are frail. (-10% HP) [Xom's mischief]
   857 | D:2      | XOM: silly message
   859 | D:2      | Reached XP level 3. HP: 27/27 MP: 3/3
   866 | D:2      | Reached skill level 3 in Armour
   866 | D:2      | Reached XP level 4. HP: 17/35 MP: 4/4
  1092 | D:2      | Noticed Sigmund
  1098 | D:2      | Lost mutation: You are weak. (Str -2) [potion of mutation]
  1098 | D:2      | Lost mutation: Your mind is acute. (Int +4, Str/Dex -1)
                  | [potion of mutation]
  1098 | D:2      | Gained mutation: Your mind is acute. (Int +4, Str/Dex -1)
                  | [potion of mutation]
  1098 | D:2      | Gained mutation: You are covered in fur. (AC +1) [potion of
                  | mutation]
  1130 | D:2      | Killed Sigmund
  1131 | D:2      | Reached skill level 7 in Axes
  1131 | D:2      | Reached skill level 4 in Armour
  1131 | D:2      | Reached XP level 5. HP: 29/40 MP: 5/5
  1131 | D:2      | XOM: polymorph butterfly -> orc
  1537 | D:2      | Found a runed translucent door.
  1538 | D:2      | Noticed Crazy Yiuf
  1548 | D:2      | Killed Crazy Yiuf
  1549 | D:2      | Reached XP level 6. HP: 13/45 MP: 6/6
  1615 | D:2      | XOM: give mutations
  1615 | D:2      | Gained mutation: Your system is resistant to poisons.
                  | (rPois) [Xom's mischief]
  1615 | D:2      | Gained mutation: Your flesh is cold resistant. (rC+) [Xom's
                  | mischief]
  1765 | D:3      | Noticed Ijyb
  1780 | D:3      | XOM: smoke on damage
  1784 | D:3      | Killed Ijyb
  1816 | D:3      | XOM: 1-stop teleportation journey
  1864 | D:3      | Found a stormy altar of Qazlal.
  1908 | D:3      | XOM: scenery: summon butterflies
  1948 | D:3      | XOM: potion effect (attraction)
  2450 | D:3      | Identified the +1 battleaxe of Lust {venom, Drain rElec
                  | rPois Dex-4} (Xom gifted it to you on level 3 of the
                  | Dungeon)
  2450 | D:3      | XOM: god gift: +1 battleaxe of Lust {chaos, Drain rElec
                  | rPois Dex-4}
  2478 | D:4      | XOM: 2-stop teleportation journey
  2540 | D:4      | Reached skill level 5 in Armour
  2599 | D:4      | XOM: god gift: glowing dagger {god gift}
  3037 | D:4      | Found a snail-covered altar of Cheibriados.
  3039 | D:4      | Found a hazy altar of Hepliaklqana.
  3086 | D:4      | Reached skill level 8 in Axes
  3086 | D:4      | Reached XP level 7. HP: 47/51 MP: 7/7
  3193 | D:4      | a scorpion changed into a shapeshifter
  3193 | D:4      | Noticed a shapeshifter (shapeshifter)
  3193 | D:4      | XOM: polymorph scorpion -> shapeshifter
  3193 | D:4      | a shapeshifter changed into a yaktaur
  3193 | D:4      | Noticed a yaktaur (shapeshifter)
  3199 | D:4      | Killed a yaktaur
  3200 | D:4      | Reached skill level 6 in Armour
  3315 | D:4      | Found Liaff's Book Boutique.
  3723 | D:4      | XOM: silly message
  3728 | D:5      | Entered Level 5 of the Dungeon
  3775 | D:5      | XOM: divination: magic mapping
  3776 | D:5      | Noticed Grinder
  3779 | D:5      | XOM: potion effect (haste)
  3788 | D:5      | Paralysed by Grinder for 2 turns
  3810 | D:5      | Reached skill level 9 in Axes
  3818 | D:5      | Killed Grinder
  3819 | D:5      | Reached skill level 7 in Armour
  3819 | D:5      | Reached XP level 8. HP: 52/57 MP: 8/8
  3883 | D:5      | Found an iron altar of Okawaru.
  3997 | D:5      | XOM: silly message
  4087 | D:5      | XOM: potion effect (experience)
  4087 | D:5      | Reached skill level 9 in Fighting
  4087 | D:5      | Reached skill level 13 in Axes
  4087 | D:5      | Reached skill level 10 in Armour
  4087 | D:5      | Reached XP level 9. HP: 74/74 MP: 9/9
  4306 | D:5      | Noticed Blork the orc
  4308 | D:5      | XOM: fog
  4313 | D:5      | XOM: cleaving
  4317 | D:5      | Killed Blork the orc
  4320 | D:5      | Identified the +2 tower shield "Ciub" {Harm rPois}
  4468 | D:5      | XOM: scenery: summon butterflies
  4717 | D:6      | XOM: draining
  4740 | D:6      | XOM: potion effect (haste)
  4751 | D:6      | XOM: summons 3 friendly demons
  4758 | D:6      | Reached skill level 11 in Armour
  4894 | D:6      | Identified the +10 flail of Enormous Fortitude {venom,
                  | Int+2}
  5059 | D:6      | Found a staircase to the Ecumenical Temple.
  5073 | D:6      | XOM: 5-stop teleportation journey
  5152 | D:6      | Found a shimmering altar of Xom.
  5215 | D:6      | XOM: god gift: scroll of noise
  5283 | D:6      | XOM: divination: detect items
  5360 | D:6      | XOM: polymorph jelly -> steam dragon
  5368 | D:6      | Reached skill level 14 in Axes
  5484 | D:6      | XOM: scenery: create altars
  5588 | D:6      | Reached XP level 10. HP: 80/81 MP: 10/10
  5609 | D:6      | XOM: noise
  5617 | D:6      | Found a glowing golden altar of the Shining One.
  5761 | D:7      | Noticed Duvessa
  5764 | D:7      | Noticed Dowan
  5781 | D:7      | Killed Duvessa
  5935 | D:6      | XOM: cloud trail
  5946 | D:7      | Killed Dowan
  6027 | D:7      | Found a shadowy altar of Dithmenos.
  6052 | D:7      | XOM: god gift: scroll of butterflies
  6102 | D:7      | XOM: fake destruction
  6200 | D:7      | Noticed Menkaure
  6206 | D:7      | Killed Menkaure
  6263 | D:7      | XOM: scenery: 1 doors open
  6345 | D:7      | XOM: fake destruction
  6366 | D:7      | Noticed Joseph
  6375 | D:7      | Killed Joseph
  6433 | D:7      | XOM: divination: magic mapping
  6540 | D:7      | XOM: confuse monster(s)
  6544 | D:7      | Reached skill level 12 in Armour
  6548 | D:7      | Noticed Prince Ribbit
  6563 | D:7      | Killed Prince Ribbit
  6617 | D:7      | XOM: cleaving
  6767 | D:7      | Found an ornate altar of the Wu Jian Council.
  7005 | D:7      | Found a glowing silver altar of Zin.
  7170 | D:7      | XOM: give mutation
  7170 | D:7      | Gained mutation: You expend magic power (3 MP) to
                  | strengthen your wands. [Xom's mischief]
  7276 | D:7      | Identified the ring of a Thousand Friars {rPois Int+3}
  7279 | D:7      | XOM: god gift: +4 broad axe of chaos
  7342 | D:8      | Found a transporter.
  7342 | D:8      | Found a transporter.
  7373 | D:8      | XOM: enchant monster (good)
  7500 | D:8      | Found Ziwkoth's Armour Emporium.
  7500 | D:8      | XOM: 4-stop teleportation journey
  7664 | D:8      | Found a bloodstained altar of Trog.
  7672 | D:8      | Reached skill level 15 in Axes
  7698 | D:8      | XOM: chaos upgrade
  8155 | D:8      | XOM: enchant monster (good)
  8163 | D:8      | XOM: confusion (+ monsters)
  8164 | D:8      | Noticed Pikel
  8169 | D:8      | Killed Pikel
  8175 | D:8      | XOM: cast spell 'Metabolic Englaciation'
  8179 | D:8      | Reached XP level 11. HP: 60/76 MP: 5/11
  8231 | D:8      | Found Haex's Mass Market.
  8319 | D:8      | XOM: noise
  8428 | D:9      | XOM: polymorph centaur -> jelly
  8573 | D:9      | Found a transporter.
  8574 | D:9      | Noticed a manticore
  8575 | D:9      | Noticed Brisketman's ghost (novice HONe)
  8576 | D:9      | Noticed a moth of wrath
  8582 | D:9      | XOM: cast spell 'Monstrous Menagerie'
  8756 | D:9      | XOM: scenery: 1 doors open, 1 doors close
  8776 | D:9      | XOM: confuse monster(s)
  8917 | D:9      | XOM: divination: detect items
  8928 | D:9      | Found a transporter.
  9009 | D:9      | Found a broken altar of Ashenzari.
  9014 | D:9      | Reached skill level 13 in Armour
  9209 | D:9      | Found the +15 Maxwell's patent armour {-Cast -Tele rElec
                  | Will+ rCorr}
  9216 | D:9      | Paralysed by a hornet for 2 turns
  9219 | D:9      | XOM: polymorph hornet -> black mamba
  9222 | D:9      | XOM: give mutations
  9222 | D:9      | Gained mutation: You have a pair of small antennae on your
                  | head. [Xom's mischief]
  9222 | D:9      | Gained mutation: You are strong-willed. (Will+) [Xom's
                  | mischief]
  9226 | D:9      | Reached skill level 16 in Axes
  9278 | D:9      | XOM: 2-stop teleportation journey
  9582 | D:9      | Found a staircase to the Orcish Mines.
  9588 | D:9      | XOM: smoke on damage
  9602 | D:9      | XOM: noise
  9636 | D:9      | a gnoll changed into a glowing shapeshifter
  9636 | D:9      | Noticed a glowing shapeshifter (glowing shapeshifter)
  9637 | D:9      | Killed a glowing shapeshifter
  9887 | D:10     | Entered Level 10 of the Dungeon
  9935 | D:10     | XOM: cast spell 'Metabolic Englaciation'
  9999 | D:10     | XOM: silly message
 10000 | D:10     | XOM: divination: detect items
 10001 | D:10     | Noticed a two-headed ogre
 10012 | D:10     | Killed a two-headed ogre
 10013 | D:10     | Reached skill level 17 in Axes
 10013 | D:10     | Reached skill level 14 in Armour
 10018 | D:10     | XOM: cloud trail
 10118 | D:10     | XOM: noise
 10654 | D:11     | Reached XP level 12. HP: 93/93 MP: 12/12
 10937 | D:11     | Found a staircase to the Lair.
 11011 | D:11     | Noticed a two-headed ogre
 11011 | D:11     | XOM: divination: detect creatures
 11024 | D:11     | Killed a two-headed ogre
 11471 | Lair:1   | Entered Level 1 of the Lair of Beasts
 11481 | Lair:1   | XOM: summons 4 hostile shadow creatures
 11854 | Lair:1   | XOM: polymorph cane toad -> shapeshifter
 11858 | Lair:1   | a spriggan changed into an entropy weaver
 11858 | Lair:1   | Noticed an entropy weaver (shapeshifter)
 11861 | Lair:1   | XOM: confusion
 11865 | Lair:1   | XOM: enchant monster (bad)
 11871 | Lair:1   | Killed an entropy weaver
 11893 | Lair:1   | XOM: give mutations
 11893 | Lair:1   | Gained mutation: Your spells are a little harder to cast,
                  | but a little more powerful. [Xom's mischief]
 11893 | Lair:1   | Lost mutation: You have a pair of small antennae on your
                  | head. [Xom's mischief]
 11893 | Lair:1   | Gained mutation: You are vulnerable to heat. (rF-) [Xom's
                  | mischief]
 11893 | Lair:1   | Lost mutation: Your flesh is cold resistant. (rC+) [Xom's
                  | mischief]
 11993 | Lair:1   | Reached skill level 18 in Axes
 12108 | Lair:1   | XOM: polymorph basilisk -> water moccasin
 12123 | Lair:1   | Reached skill level 15 in Armour
 12125 | Lair:1   | XOM: give mutations
 12125 | Lair:1   | Gained mutation: You have hidden genetic potential. [Xom's
                  | mischief]
 12125 | Lair:1   | Lost mutation: You have hidden genetic potential. [Xom's
                  | mischief]
 12200 | Lair:1   | XOM: smoke on damage
 12511 | Lair:1   | XOM: summons 1 hostile demon
 12726 | Lair:2   | Noticed an eight-headed hydra
 12856 | Lair:2   | XOM: cleaving
 12901 | Lair:2   | Found a staircase to the Shoals.
 13280 | D:12     | Noticed a two-headed ogre
 13284 | D:12     | XOM: enchant monster (good)
 13311 | D:12     | Killed a two-headed ogre
 13443 | D:12     | Found Ujeibiyr's Book Shop.
 13728 | D:12     | Found a portal to a secret trove of treasure.
 13770 | D:12     | Noticed a boulder beetle
 13777 | D:12     | Killed a boulder beetle
 13778 | D:12     | Reached skill level 19 in Axes
 13816 | D:12     | XOM: silly message
 14113 | D:13     | Noticed a centaur warrior
 14123 | D:13     | XOM: chaos upgrade
 14125 | D:13     | Killed a centaur warrior
 14126 | D:13     | Reached skill level 16 in Armour
 14126 | D:13     | Reached XP level 13. HP: 68/99 MP: 13/13
 14332 | D:13     | XOM: summons 3 hostile shadow creatures
 14333 | D:13     | XOM: give mutation
 14333 | D:13     | Lost mutation: Your system is resistant to poisons. (rPois)
                  | [Xom's mischief]
 14595 | D:13     | XOM: polymorph white ugly thing -> brown ugly thing
 14597 | D:13     | XOM: scenery: create altars
 14601 | D:13     | XOM: blink monster(s)
 14603 | D:13     | XOM: god gift: wand of light (6)
 14685 | D:13     | XOM: silly message
 14729 | D:13     | XOM: summons 11 friendly demons
 14740 | D:13     | XOM: blink monster(s)
 14745 | D:13     | XOM: draining
 14761 | D:13     | XOM: polymorph shadow imp -> crimson imp
 14768 | D:13     | Reached skill level 20 in Axes
 14785 | D:13     | HP: 8/96 [seven-headed hydra (5)]
 14785 | D:13     | HP: 2/96 [seven-headed hydra (6)]
 14792 | D:13     | XOM: chaos upgrade
 14795 | D:13     | XOM: scenery: create altars
 14801 | D:13     | XOM: swap monsters
 14802 | D:13     | XOM: chaos upgrade
 14810 | D:13     | Reached skill level 17 in Armour
 14811 | D:13     | XOM: cleaving
 14827 | D:13     | XOM: fake destruction
 14829 | D:13     | XOM: fog
 14830 | D:13     | XOM: cast spell 'Call Canine Familiar'
 15153 | D:13     | XOM: divination: detect items
 15220 | D:13     | XOM: give mutation
 15220 | D:13     | Lost mutation: You are vulnerable to heat. (rF-) [Xom's
                  | grace]
 15220 | D:13     | Gained mutation: Your flesh is heat resistant. (rF+) [Xom's
                  | grace]
 15222 | D:13     | Noticed a tengu reaver
 15235 | D:13     | HP: 1/93 [tengu reaver/bolt of cold (34)]
 15236 | D:13     | XOM: scenery: create altars
 15236 | D:13     | Killed from afar by a tengu reaver

Vanquished Creatures
  An entropy weaver (shapeshifter) (Lair:1)
  2 hydras (D:13)
  A catoblepas (D:13)
  2 centaur warriors (D:13)
  4 two-headed ogres
  2 boulder beetles
  4 skeletal warriors (D:13)
  Pikel (D:8)
  A deep elf pyromancer (D:13)
  A manticore (D:13)
  An ugly thing (D:13)
  A glowing shapeshifter (D:9)
  A wolf spider zombie (D:13)
  A black mamba (D:9)
  Joseph (D:7)
  3 centaur zombies (D:13)
  2 cyclopes
  A guardian serpent (shapeshifter) (D:13)
  2 cane toads (Lair:1)
  An unseen horror (D:11)
  3 komodo dragons
  A yaktaur (shapeshifter) (D:4)
  A rime drake (Lair:1)
  An efreet (D:13)
  A redback zombie (D:13)
  A meliai (D:13)
  6 trolls
  Prince Ribbit (D:7)
  Grinder (D:5)
  A blink frog (Lair:2)
  A snapping turtle (Lair:2)
  5 slime creatures (D:13)
  2 shadows
  5 vampires
  A wraith (D:9)
  Sigmund (D:2)
  5 yaks (D:9)
  2 wyverns
  12 vampire mosquitoes
  Menkaure (D:7)
  4 steam dragons
  Duvessa (D:7)
  4 water moccasins
  2 acid dragons
  6 orc warriors
  3 ice beasts
  A sky beast (D:7)
  9 wolves (Lair:1)
  3 ogres
  5 centaurs
  2 lemures (D:8)
  4 phantoms
  5 kobold brigands
  2 bullfrogs
  Blork the orc (D:5)
  3 gnoll sergeants
  2 scorpions
  15 wights
  Dowan (D:7)
  18 killer bees
  3 electric eels
  8 howler monkeys
  3 hounds
  2 orc priests
  A gnoll bouda (D:8)
  3 jellies
  Crazy Yiuf (D:2)
  6 iguanas
  14 orc wizards
  Ijyb (D:3)
  A hell rat (Lair:2)
  19 gnolls
  5 adders
  A shadow imp (D:5)
  2 white imps
  2 ufetubi
  2 worms (D:4)
  4 dart slugs
  44 orcs
  5 ball pythons
  4 bats
  5 endoplasms
  A giant cockroach (D:4)
  5 goblins
  5 hobgoblins
  4 jackals (D:5)
  19 kobolds
  3 quokkas
  3 frilled lizards
  6 rats
358 creatures vanquished.

Vanquished Creatures (collateral kills)
  A hydra (D:13)
  A yak (D:9)
2 creatures vanquished.

Vanquished Creatures (others)
  An orc wizard (D:5)
1 creature vanquished.

Grand Total: 361 creatures vanquished

Table legend: (Time is in decaauts)
 A = Elapsed time spent in this place.
 B = Non-inter-level travel time spent in this place.
 C = Inter-level travel time spent in this place.
 D = Time resting spent in this place.
 E = Time spent auto-exploring this place.
 F = Levels seen in this place.
 G = Mean time per level.
                   A        B        C        D        E       F      G
               +--------+--------+--------+--------+--------+-----+--------+
         Total |  15138 |  14436 |    702 |   1261 |  10954 |  15 | 1009.2 |
       Dungeon |  13629 |  13062 |    567 |   1118 |   9953 |  13 | 1048.4 |
          Lair |   1509 |   1375 |    134 |    142 |   1001 |   2 |  754.5 |
               +--------+--------+--------+--------+--------+-----+--------+

Top non-repeatable levels by time:
     D:9: 1464 daAuts
     D:7: 1452 daAuts
  Lair:1: 1333 daAuts
     D:4: 1291 daAuts
    D:12: 1240 daAuts
     D:6: 1165 daAuts
    D:11: 1116 daAuts
     D:8: 1065 daAuts
     D:5: 971 daAuts
    D:13: 923 daAuts
     D:2: 902 daAuts
     D:1: 824 daAuts
     D:3: 736 daAuts
    D:10: 473 daAuts
  Lair:2: 175 daAuts

Table legend:
 A = Non-vault XP
 B = Vault XP
 C = Vault XP percentage of total XP
 D = Non-vault monster count
 E = Vault monster count
 F = Vault count percentage of total count
                 A         B        C        D         E       F
            +---------+---------+-------+---------+---------+-------
      Total |   30411 |   15915 |  34.4 |     294 |      66 |  18.3
            +---------+---------+-------+---------+---------+-------
        D:1 |      24 |       3 |  11.1 |      14 |       2 |  12.5
        D:2 |      68 |     251 |  78.7 |      10 |       2 |  16.7
        D:3 |      28 |      37 |  56.9 |      11 |       3 |  21.4
        D:4 |     591 |       2 |   0.3 |      24 |       2 |   7.7
        D:5 |     660 |     371 |  36.0 |      19 |       2 |   9.5
        D:6 |    1108 |     127 |  10.3 |      23 |       1 |   4.2
        D:7 |     941 |    1606 |  63.1 |      19 |      13 |  40.6
        D:8 |    1414 |     586 |  29.3 |      38 |       1 |   2.6
        D:9 |    3386 |    1984 |  36.9 |      21 |      20 |  48.8
       D:10 |    3321 |       0 |   0.0 |      31 |       0 |   0.0
       D:11 |    2912 |     177 |   5.7 |      16 |       1 |   5.9
       D:12 |    3849 |       0 |   0.0 |      26 |       0 |   0.0
       D:13 |    6968 |   10524 |  60.2 |      17 |      18 |  51.4
     Lair:1 |    4237 |       0 |   0.0 |      19 |       0 |   0.0
     Lair:2 |     904 |     247 |  21.5 |       6 |       1 |  14.3
            +---------+---------+-------+---------+---------+-------
